Map: Year Zero LE

Players

Reynor - Winner!

  • Race: Zerg Zerg
  • League: Master
  • Spawn Location: 11:00

Elazer

  • Race: Zerg Zerg
  • Spawn Location: 1:00

Event: 2019 WCS Winter Europe

VOD

Have the link to the VOD?

Description

Time

  • Played on: March 23, 2019, 9:37 a.m.
  • Length: 9:46

All games in this series

Show
View Real Time Build Order
Export as new Build Order

Reynor Zerg - Winner!

Build Orders: Hatch First 

Get SALT Encoding   

  12  0:01  Drone  
  13  0:13  Overlord  
  13  0:17  Drone  
  14  0:31  Drone x2  
  16  0:50  Hatchery  
  16  0:53  Drone  
  16  0:57  Drone  
  16  1:01  Drone  
  18  1:11  Extractor  
  18  1:17  Spawning Pool  
  16  1:19  Drone  
  16  1:23  Drone  
  18  1:29  Drone  
  19  1:41  Drone  
  20  1:50  Overlord  
  20  2:04  Zergling x4  
  20  2:05  Queen x2  
  26  2:11  Metabolic Boost  
  26  2:15  Drone  
  26  2:18  Drone  
  28  2:23  Drone  
  28  2:24  Drone  
  30  2:41  Hatchery  
  30  2:43  Drone  
  30  2:45  Drone  
  31  2:54  Overlord  
  31  2:55  Zergling x2  
  31  2:56  Zergling x2  
  31  2:57  Zergling x2  
  34  3:07  Zergling x4  
  35  3:14  Zergling x6  
  35  3:15  Zergling x6  
  41  3:21  Zergling x4  
  43  3:30  Overlord  
  43  3:31  Drone  
  44  3:43  Overlord  
  44  3:48  Queen, Zergling x2  
  46  3:52  Zergling x4  
  46  3:53  Drone  
  47  4:01  Drone  
  47  4:02  Evolution Chamber  
  47  4:03  Drone x3  
  47  4:04  Drone  
  48  4:11  Zergling x4  
  48  4:15  Drone x4  
  49  4:24  Drone  
  49  4:26  Overlord  
  49  4:27  Drone  
  49  4:30  Zerg Missile Weapons Level 1  
  51  4:39  Roach Warren  
  51  4:42  Drone x3  
  51  4:45  Extractor  
  52  4:46  Extractor  
  52  4:47  Drone x3  
  54  4:54  Drone  
  54  4:55  Overlord  
  55  5:19  Roach  
  55  5:20  Roach x7  
  71  5:21  Drone  
  71  5:22  Zergling x4, Drone  
  71  5:26  Roach x2  
  71  5:27  Zergling x2  
  71  5:28  Zergling x4  
  81  5:30  Overlord  
  81  5:35  Overlord  
  81  5:41  Overlord  
  85  5:50  Roach x4  
  85  5:51  Overlord  
  85  5:54  Drone x2  
  85  5:56  Lair  
  91  6:01  Drone x3  
  91  6:03  Roach  
  96  6:05  Drone  
  96  6:09  Drone  
  96  6:11  Roach x2  
  102  6:15  Overlord  
  102  6:20  Drone  
  103  6:26  Roach x5  
  103  6:31  Overlord  
  113  6:37  Roach x4  
  121  6:40  Overlord  
  121  6:44  Overlord  
  121  6:51  Roach x4  
  121  6:53  Glial Reconstitution  
  129  6:55  Overlord  
  129  6:59  Drone x4  
  133  7:02  Roach, Extractor  
  133  7:05  Roach x2  
  133  7:08  Roach  
  140  7:10  Overlord  
  140  7:12  Roach  
  140  7:14  Roach  
  144  7:19  Roach x3  
  147  7:27  Roach x3  
  152  7:30  Roach  
  152  7:35  Roach, Zergling x8  
  158  7:39  Overlord  
  158  7:41  Roach x2  
  162  7:49  Overlord  
  162  7:50  Overlord  
  162  7:58  Roach x3  
  162  7:59  Roach x2  
  162  8:05  Roach  
  168  8:09  Roach x4  
  178  8:12  Roach  
  178  8:17  Roach x3  
  178  8:18  Roach  
  186  8:21  Overlord  
  186  8:26  Overlord  
  186  8:29  Overlord  
  186  8:34  Extractor  
  186  8:38  Overlord  
  186  8:40  Roach x3  
  190  8:42  Roach  
  190  8:46  Roach x2  
  196  8:51  Roach x2  
  197  9:00  Overseer  
  197  9:01  Roach x2  
  197  9:02  Roach x2  
  195  9:04  Roach x2  
  199  9:11  Overlord  
  199  9:15  Overseer  
  195  9:21  Roach x6  
  195  9:23  Roach  
Show
View Real Time Build Order
Export as new Build Order

Elazer Zerg 

Build Orders: Hatch First 

Get SALT Encoding   

  12  0:00  Drone  
  13  0:12  Overlord  
  13  0:17  Drone  
  14  0:30  Drone x2  
  16  0:50  Hatchery  
  16  0:52  Drone  
  16  0:56  Drone  
  17  1:10  Spawning Pool  
  16  1:13  Drone  
  16  1:16  Drone  
  18  1:20  Drone  
  18  1:22  Extractor  
  18  1:29  Drone  
  19  1:38  Drone  
  20  1:49  Overlord  
  20  1:56  Queen  
  22  2:01  Queen  
  22  2:03  Drone x2  
  26  2:10  Drone  
  26  2:12  Zergling x2  
  28  2:22  Drone  
  29  2:24  Drone  
  30  2:36  Queen  
  32  2:38  Hatchery  
  32  2:42  Zergling x2  
  32  2:46  Overlord  
  32  2:47  Drone  
  32  2:49  Drone  
  34  2:56  Drone x2  
  36  3:02  Roach Warren  
  35  3:08  Overlord  
  35  3:10  Drone  
  35  3:12  Drone  
  36  3:15  Overlord  
  36  3:27  Zergling x2  
  36  3:28  Drone x4  
  40  3:37  Evolution Chamber, Extractor  
  40  3:39  Evolution Chamber, Lair  
  37  3:44  Roach  
  37  3:46  Roach x2  
  44  3:54  Evolution Chamber  
  43  3:56  Evolution Chamber  
  43  3:57  Roach  
  43  3:58  Roach x2  
  47  4:17  Drone x4  
  47  4:19  Overlord  
  51  4:31  Overlord  
  51  4:32  Zerg Missile Weapons Level 1  
  51  4:36  Extractor  
  50  4:40  Drone x4  
  54  4:55  Hatchery, Drone x2  
  54  4:56  Drone x2  
  54  4:59  Drone  
  58  5:00  Drone  
  58  5:03  Glial Reconstitution, Drone  
  58  5:04  Extractor  
  58  5:06  Drone  
  60  5:09  Queen  
  60  5:11  Overlord  
  60  5:12  Drone x2  
  60  5:13  Drone  
  65  5:26  Drone  
  65  5:28  Overlord, Drone  
  67  5:31  Overlord  
  67  5:33  Roach  
  69  5:36  Roach x3  
  69  5:42  Overlord  
  75  5:47  Overseer  
  75  5:48  Overlord  
  75  6:00  Roach  
  75  6:01  Roach x3  
  83  6:04  Overlord  
  83  6:11  Queen, Drone  
  86  6:15  Nydus Network  
  86  6:18  Overlord  
  85  6:22  Overseer  
  85  6:23  Roach  
  85  6:24  Roach x5  
  97  6:32  Drone  
  98  6:35  Zerg Missile Weapons Level 2  
  98  6:40  Drone  
  98  6:42  Roach x3  
  105  6:54  Drone  
  105  6:55  Drone  
  105  6:57  Hatchery  
  106  7:03  Drone  
  106  7:06  Nydus Canal  
  107  7:10  Roach x7  
  107  7:14  Overlord  
  121  7:24  Drone x3  
  122  7:30  Queen  
  122  7:31  Hatchery  
  122  7:32  Drone  
  122  7:34  Drone x6  
  126  7:37  Nydus Canal  
  126  7:41  Roach x4  
  134  7:45  Burrow  
  134  7:50  Roach  
  136  7:52  Nydus Canal  
  136  7:58  Drone x3  
  137  8:05  Ravager x4  
  135  8:06  Roach  
  137  8:13  Overlord  
  137  8:14  Overlord  
  137  8:18  Overlord  
  137  8:23  Overlord  
  137  8:32  Roach x8  
  153  8:34  Ravager  
  153  8:38  Roach x4  
  160  8:45  Queen  
  160  8:47  Roach x5  
  170  8:55  Roach x8  
  166  8:58  Roach x21  
  166  9:02  Roach x3  
  169  9:05  Roach  
  169  9:09  Drone x11  
  163  9:20  Roach x7  
Tags
 
Add a new tag
Caveats
  • Supply blocks, unpowered buildings, or Contaminate may cause inaccurate times.
  • Supply counts are checked every 10 seconds.